 Dungeon Crawl Stone Soup version 0.18-a0-1057-g88203af (webtiles) character file.

268 Kristof the Digger (level 6, -2/32 HPs)
             Began as a Gargoyle Earth Elementalist on Jan 12, 2016.
             Slain by a gnoll
             ... wielding a +0 halberd
              (9 damage)
             ... on level 3 of the Dungeon.
             The game lasted 00:13:21 (3339 turns).

Kristof the Digger (Gargoyle Earth Elementalist)    Turns: 3339, Time: 00:13:21

Health: -2/32      AC:  6    Str: 12    XL:     6   Next: 21%
Magic:  0/12       EV: 12    Int: 17    God:
Gold:   166        SH:  0    Dex: 10    Spells: 4 memorised, 3 levels left

rFire  . . .     SeeInvis .     m - +1 spear (chaos)
rCold  . . .     Gourm    .     a - +0 robe
rNeg   + . .     Faith    .     (no shield)
rPois  ∞         Spirit   .     (no helmet)
rElec  +         Dismiss  .     (no cloak)
rCorr  .         Reflect  .     (no gloves)
SustAt .         Harm     .     (no boots)
MR     .....                    (no amulet)
Stlth  ++........               (no ring)
                                (no ring)

@: very slightly contaminated, not resistant to hostile enchantments, unstealthy
A: negative energy resistance 1, electricity resistance, unbreathing,
petrification resistance, rot immunity, AC +4
a: no special abilities


You were on level 3 of the Dungeon.
You were not hungry.

You visited 1 branch of the dungeon, and saw 3 of its levels.

You collected 166 gold pieces.

Inventory:

Hand Weapons
 e - a +0 club
 f - a +0 short sword
 m - a +1 spear of chaos (weapon)
Missiles
 b - 38 stones (quivered)
Armour
 a - a +0 robe (worn)
Scrolls
 q - a scroll of remove curse
Potions
 g - a potion of heal wounds {unknown}
 i - a potion of might {unknown}
 k - a potion of experience {unknown}
 l - 3 potions of curing {unknown}
 o - a potion of flight {unknown}
 p - a potion of lignification {unknown}
Books
 c - a book of Geomancy

   Spells                             Type                      Level
   a - Sandblast                      Earth                        1
   b - Stoneskin                      Transmutation/Earth          2
   c - Passwall                       Transmutation/Earth          3
   d - Stone Arrow                    Conjuration/Earth            3
   e - Petrify                        Transmutation/Earth          4
   f - Lee's Rapid Deconstruction     Earth                        5
Comestibles
 d - 2 bread rations
 h - 2 chunks of flesh
 j - 5 fruits
 n - a slice of pizza


   Skills:
 - Level 1.5 Dodging
 - Level 2.1 Stealth
 * Level 4.6 Spellcasting
 + Level 2.5 Conjurations
 - Level 0.7 Transmutations
 + Level 5.0 Earth Magic


You had 3 spell levels left.
You knew the following spells:

 Your Spells              Type           Power        Failure   Level  Hunger
a - Sandblast             Erth           ###...       1%          1    None
b - Stoneskin             Trmt/Erth      ##......     10%         2    ##.....
c - Stone Arrow           Conj/Erth      ###...       12%         3    ###....
d - Lee's Rapid Deconstr  Erth           ###.......   58%         5    ######.


Dungeon Overview and Level Annotations

Branches:
Dungeon (3/15)

Altars:
Ru
Xom


Innate Abilities, Weirdness & Mutations

You are resistant to torment.
Your stone body is resilient (AC +4).
You are immune to poison.
You resist negative energy.
You are resistant to electric shocks.
You can survive without breathing.
You are immune to petrification.
You are immune to rotting.


Message History

The stone arrow hits the gnoll.
The gnoll is severely wounded.
The gnoll hits you from afar with a halberd!
* * * LOW HITPOINT WARNING * * *
Casting: Stone Arrow
Confirm with . or Enter, or press ? or * to list all spells.
Aiming: Stone Arrow
Press: ? - help, Shift-Dir - straight line, f/p - gnoll
Aim: a gnoll, wielding a halberd (severely wounded)
You miscast Stone Arrow.
You are very lightly contaminated with residual magic.
Sparks fly from your hands! The gnoll closely misses you.
Casting: Stone Arrow
Confirm with . or Enter, or press ? or * to list all spells.
Aiming: Stone Arrow
Press: ? - help, Shift-Dir - straight line, f/p - gnoll
Aim: a gnoll, wielding a halberd (severely wounded)
You miscast Stone Arrow.
You momentarily stiffen.
The gnoll hits you from afar with a halberd!
You die...

... ... ..# #g# . #g# ##.
#g# ..# . #.. #)# .. .
#.###@# ...# . .. #.##..#
#.#.#.# .#
#.#..####.#...# ..#
####.#.####.....# ###.##
#............#.# #÷..##
#.#..#.##..#.#.# ##.#.##
#.).##.##..#.#.# ##.<..##
#..###.#.......###...####
#........###........## #


You could see 2 gnolls and a hobgoblin.

Vanquished Creatures
  Natasha (thrice) (D:2)
  10 gnolls
  2 adders
  3 giant geckos (D:2)
  3 giant cockroaches
  6 goblins
  10 hobgoblins
  4 kobolds
  A ball python (D:2)
  8 bats
  6 giant newts
  36 rats
92 creatures vanquished.

Notes
Turn   | Place    | Note
--------------------------------------------------------------
     0 | D:1      | Kristof the Gargoyle Earth Elementalist began the quest for the Orb.
     0 | D:1      | Reached XP level 1. HP: 10/10 MP: 3/3
   446 | D:1      | Reached XP level 2. HP: 13/15 MP: 1/5
   551 | D:1      | Learned a level 2 spell: Stoneskin
   918 | D:1      | Reached XP level 3. HP: 15/19 MP: 1/7
  1423 | D:2      | Reached skill level 4 in Earth Magic
  1453 | D:2      | Learned a level 3 spell: Stone Arrow
  1980 | D:2      | Noticed Natasha
  1984 | D:2      | Killed Natasha
  1984 | D:2      | Reached XP level 4. HP: 17/24 MP: 5/9
  2105 | D:2      | Noticed Natasha
  2113 | D:2      | Killed Natasha
  2113 | D:2      | Reached skill level 1 in Conjurations
  2160 | D:2      | Reached XP level 5. HP: 17/28 MP: 6/10
  2167 | D:2      | Learned a level 5 spell: Lee's Rapid Deconstruction
  2309 | D:2      | Noticed Natasha
  2312 | D:2      | Killed Natasha
  2370 | D:2      | Found a sacrificial altar of Ru.
  2677 | D:2      | Found a shimmering altar of Xom.
  2773 | D:2      | Reached XP level 6. HP: 32/32 MP: 7/12
  3249 | D:3      | Reached skill level 5 in Earth Magic
  3339 | D:3      | Slain by a gnoll

Vault maps used:
D:1:      lemuel_arrival_broad_hall
D:2:      lemuel_doored_altar, tgw_xom, minmay_rats_cheesy_pizza, uniq_natasha
D:3:      lemuel_round_altar, lemuel_coloured_pillars_altar, led_sif_book

Action                   |  1- 3 |  4- 6 || total
-------------------------+-------+-------++-------
Melee: Short sword       |    62 |       ||    62
       Spear             |       |    63 ||    63
 Cast: Sandblast         |    42 |    61 ||   103
       Stone Arrow       |       |     3 ||     3
  Use: Scroll            |     4 |       ||     4
 Stab: Sleeping          |     1 |     1 ||     2
  Eat: Chunk             |     4 |     4 ||     8
